 Dungeon Crawl Stone Soup version 0.24.1-8-ga250c9d538 (webtiles) character file.

Game seed: 9759327877733514600, levelgen mode: deterministic

4578 Peloso the Blocker (level 10, -5/82 HPs)
             Began as a Gnoll Fighter on May 6, 2020.
             Was an Initiate of Okawaru.
             Slain by an orc warrior
             ... wielding a +0 halberd
              (20 damage)
             ... in a bailey.
             The game lasted 00:19:56 (8021 turns).

Peloso the Blocker (Gnoll Fighter)                  Turns: 8021, Time: 00:19:56

Health: -5/82      AC: 14    Str: 21    XL:     10   Next: 41%
Magic:  17/17      EV:  8    Int: 11    God:    Okawaru [......]
Gold:   415        SH: 12    Dex: 15    Spells: 19/19 levels left

rFire    + + .     SeeInvis .   a - +3 falchion (slice)
rCold    x . .     Gourm    .   c - +1 shield
rNeg     . . .     Faith    .   A - +0 plate armour
rPois    .         Spirit   .   y - +1 hat
rElec    .         Reflect  .   (no cloak)
rCorr    .         Harm     .   (no gloves)
MR       .....                  (no boots)
Stlth    ..........             (no amulet)
HPRegen  0.23/turn              v - ring of protection from fire
MPRegen  0.15/turn              F - ring of fire

@: no status effects
A: distributed training, fangs 1, strong nose
a: Renounce Religion


You were in a bailey.
You worshipped Okawaru.
Okawaru was noncommittal.
You were near starving.

You visited 2 branches of the dungeon, and saw 9 of its levels.
You also visited: Sewer and Bailey.

You collected 415 gold pieces.

Inventory:

Hand Weapons
 a - a +3 falchion of slicing (weapon)
Armour
 b - a +0 scale mail
 c - a +1 shield (worn)
 y - a +1 hat (worn)
 A - a +0 plate armour (worn)
Jewellery
 k - a +3 ring of evasion
 v - a ring of protection from fire (left hand)
 F - a ring of fire (right hand)
Wands
 e - a wand of paralysis (18)
 r - a wand of enslavement (12)
 x - a wand of flame (17)
Scrolls
 i - a scroll of enchant armour
 j - 3 scrolls of fog
 l - 3 scrolls of magic mapping {unknown}
 m - 4 scrolls of remove curse
 n - 4 scrolls of teleportation
 o - a scroll of identify
 p - a scroll of enchant weapon
 s - 2 scrolls of blinking {unknown}
 t - a scroll of noise
 u - 6 scrolls of fear {unknown}
Potions
 d - 2 potions of might
 g - 2 potions of agility
 h - a potion of ambrosia
 q - 3 potions of resistance
 w - 3 potions of brilliance
 z - a potion of magic
 B - a potion of berserk rage
 D - a potion of cancellation
 E - 2 potions of haste
Comestibles
 f - 12 rations


   Skills:
 + Level 8.4 Fighting
 + Level 5.1 Short Blades
 + Level 7.0 Long Blades
 + Level 5.1 Axes
 + Level 5.1 Maces & Flails
 + Level 5.1 Polearms
 + Level 5.1 Staves
 + Level 5.1 Slings
 + Level 5.1 Bows
 + Level 5.1 Crossbows
 + Level 5.1 Throwing
 + Level 8.4 Armour
 + Level 5.1 Dodging
 + Level 5.1 Stealth
 + Level 8.4 Shields
 + Level 5.1 Unarmed Combat
 + Level 5.1 Spellcasting
 + Level 4.2 Conjurations
 + Level 4.2 Hexes
 + Level 4.2 Charms
 + Level 4.2 Summonings
 + Level 4.2 Necromancy
 + Level 4.2 Translocations
 + Level 4.2 Transmutations
 + Level 4.2 Fire Magic
 + Level 4.2 Ice Magic
 + Level 4.2 Air Magic
 + Level 4.2 Earth Magic
 + Level 4.2 Poison Magic
 + Level 5.6 Invocations
 + Level 5.1 Evocations


You had 19 spell levels left.
You didn't know any spells.
Your spell library was empty.

Dungeon Overview and Level Annotations

Branches:
Dungeon (8/15)             Temple (1/1) D:7           Sewer (visited)
 Bailey (1/1)
   Lair: D:8-11

Altars:
Ashenzari
Cheibriados
Dithmenos
Fedhas
Gozag
Kikubaaqudgha
Makhleb
Nemelex Xobeh
Okawaru
Qazlal
Ru
Sif Muna
Uskayaw
Vehumet
Wu Jian
Xom
Yredelemnul
Zin
The Shining One

Shops:
D:4 (   D:5 (   D:7 }[%[(


Innate Abilities, Weirdness & Mutations

Your experience applies equally to all skills.
You have very sharp teeth.
Your uncanny sense of smell can sniff out nearby items.


Message History

The orc warrior hits you from afar with a +0 trident.
You block the orc warrior's attack.
The orc warrior hits you but does no damage.
The orc warrior hits you from afar with a +0 halberd.
The orc warrior hits you from afar with a +0 trident!
* * * LOW HITPOINT WARNING * * *
You block the orc warrior's attack. The orc barely misses you.
You block the orc's attack. You block the orc's attack.
You block the orc's attack. The orc warrior barely misses you.
The orc barely misses you.
The orc warrior hits you from afar with a +0 halberd!
* * * LOW HITPOINT WARNING * * *
There is a gate leading back out of this place here.
The orc warrior hits you from afar with a +0 halberd.
* * * LOW HITPOINT WARNING * * *
You feel better.
The orc warrior hits you from afar with a +0 halberd!!
You die...

#..≈≈.##
#..≈≈.∩#
##..≈≈.# ∆
##..≈.#
∆$$.##.≈.#
#####o≈.#
#####.o≈.#
##≈≈≈≈≈≈≈.#
#......@..#
##.########
##...####
####..∩##
####∩# ###


You could see 2 orc warriors.

Vanquished Creatures
  Pikel (D:6)
  A hippogriff (D:7)
  A hungry ghost (D:7)
  Eustachio (D:5)
  Menkaure (D:6)
  An orc warrior (D:8)
  A sky beast (D:8)
  A black bear (D:7)
  8 ogres
  6 centaurs
  7 big kobolds (D:6)
  3 bullfrogs
  2 scorpions
  A wyvern skeleton (D:6)
  5 killer bees (D:7)
  A howler monkey (D:4)
  2 electric eels (D:6)
  3 crimson imps
  2 jellies
  3 orc priests
  2 hounds (D:6)
  A bullfrog skeleton (D:4)
  3 iguanas
  An orc wizard (D:8)
  A worker ant (D:5)
  A hound skeleton (D:5)
  A howler monkey zombie (D:5)
  A worker ant zombie (D:5)
  16 adders
  10 gnolls
  A howler monkey skeleton (D:7)
  6 river rats (Sewer)
  2 oozes
  2 adder skeletons (D:5)
  2 worms
  4 dart slugs
  2 leopard geckos
  12 orcs
  11 ball pythons (Sewer)
  6 giant cockroaches
  4 goblins
  7 hobgoblins
  7 jackals
  44 kobolds
  2 quokkas
  6 bats
  8 frilled lizards
  A jackal skeleton (D:7)
  A leopard gecko skeleton (D:4)
  28 rats
244 creatures vanquished.

Vanquished Creatures (others)
  A slave (D:6)
1 creature vanquished.

Grand Total: 245 creatures vanquished

Notes
Turn   | Place    | Note
-------+----------+-------------------------------------------
     0 | D:1      | Peloso the Gnoll Fighter began the quest for the Orb.
     0 | D:1      | Reached XP level 1. HP: 23/23 MP: 1/1
    85 | D:1      | Reached XP level 2. HP: 29/29 MP: 2/2
   403 | D:1      | Reached XP level 3. HP: 35/35 MP: 3/3
   595 | D:2      | Noticed a centaur
   609 | D:2      | Killed a centaur
   609 | D:2      | Reached skill level 1 in Short Blades
   609 | D:2      | Reached skill level 1 in Axes
   609 | D:2      | Reached skill level 1 in Maces & Flails
   609 | D:2      | Reached skill level 1 in Polearms
   609 | D:2      | Reached skill level 1 in Staves
   609 | D:2      | Reached skill level 1 in Slings
   609 | D:2      | Reached skill level 1 in Bows
   609 | D:2      | Reached skill level 1 in Crossbows
   609 | D:2      | Reached skill level 1 in Throwing
   609 | D:2      | Reached skill level 1 in Dodging
   609 | D:2      | Reached skill level 1 in Stealth
   609 | D:2      | Reached skill level 1 in Unarmed Combat
   609 | D:2      | Reached skill level 1 in Spellcasting
   609 | D:2      | Reached skill level 1 in Conjurations
   609 | D:2      | Reached skill level 1 in Hexes
   609 | D:2      | Reached skill level 1 in Charms
   609 | D:2      | Reached skill level 1 in Summonings
   609 | D:2      | Reached skill level 1 in Necromancy
   609 | D:2      | Reached skill level 1 in Translocations
   609 | D:2      | Reached skill level 1 in Transmutations
   609 | D:2      | Reached skill level 1 in Fire Magic
   609 | D:2      | Reached skill level 1 in Ice Magic
   609 | D:2      | Reached skill level 1 in Air Magic
   609 | D:2      | Reached skill level 1 in Earth Magic
   609 | D:2      | Reached skill level 1 in Poison Magic
   609 | D:2      | Reached skill level 1 in Invocations
   609 | D:2      | Reached skill level 1 in Evocations
   609 | D:2      | Reached XP level 4. HP: 24/41 MP: 3/5
   622 | D:2      | Reached XP level 5. HP: 30/47 MP: 4/6
   907 | D:2      | Found a glowing golden altar of the Shining One.
  1640 | D:3      | Reached XP level 6. HP: 15/53 MP: 8/8
  1944 | D:3      | Found a shimmering blue altar of Sif Muna.
  2228 | D:4      | Reached skill level 5 in Long Blades
  2273 | D:4      | Found Yruynim's Antique Weapon Shop.
  2511 | D:4      | Reached XP level 7. HP: 36/59 MP: 10/10
  2531 | D:4      | Found a sparkling altar of Nemelex Xobeh.
  2860 | D:5      | Entered Level 5 of the Dungeon
  2926 | D:5      | Found Faheg's Weapon Boutique.
  2988 | D:5      | Reached XP level 8. HP: 48/67 MP: 12/12
  3658 | D:5      | Found a blossoming altar of Fedhas.
  3659 | D:5      | Noticed Eustachio
  3730 | D:5      | Killed Eustachio
  4104 | D:6      | Noticed Pikel
  4139 | D:6      | Killed Pikel
  4139 | D:6      | Reached XP level 9. HP: 15/73 MP: 14/14
  4183 | D:6      | Noticed Menkaure
  4448 | D:6      | Noticed a -2 dagger
  4449 | D:6      | Found a hide-covered altar of Uskayaw.
  4449 | D:6      | Noticed a +0 hand axe
  4596 | D:6      | Killed Menkaure
  4612 | D:6      | Found a glowing drain.
  4622 | Sewer    | Entered a sewer
  5633 | D:6      | Reached skill level 5 in Invocations
  6261 | D:6      | Reached XP level 10. HP: 75/80 MP: 17/17
  6708 | D:7      | Found a staircase to the Ecumenical Temple.
  6729 | D:7      | Reached skill level 5 in Short Blades
  6729 | D:7      | Reached skill level 5 in Axes
  6729 | D:7      | Reached skill level 5 in Maces & Flails
  6729 | D:7      | Reached skill level 5 in Polearms
  6729 | D:7      | Reached skill level 5 in Staves
  6729 | D:7      | Reached skill level 5 in Slings
  6729 | D:7      | Reached skill level 5 in Bows
  6729 | D:7      | Reached skill level 5 in Crossbows
  6729 | D:7      | Reached skill level 5 in Throwing
  6729 | D:7      | Reached skill level 5 in Dodging
  6729 | D:7      | Reached skill level 5 in Stealth
  6729 | D:7      | Reached skill level 5 in Unarmed Combat
  6729 | D:7      | Reached skill level 5 in Spellcasting
  6729 | D:7      | Reached skill level 5 in Evocations
  6747 | Temple   | Entered the Ecumenical Temple
  7064 | D:7      | Found Wocoatif's Armour Emporium.
  7099 | D:7      | Found Peanies's Antique Weapon Emporium.
  7152 | D:7      | Found Perenku's Food Shop.
  7175 | D:7      | Found an iron altar of Okawaru.
  7202 | D:7      | Found Niegudom's Gadget Shop.
  7234 | D:7      | Became a worshipper of Warmaster Okawaru
  7337 | D:7      | Found Tiptom's Armour Shop.
  7596 | D:8      | Found a burning altar of Makhleb.
  7918 | D:8      | Found a flagged portal.
  7928 | Bailey   | Entered a bailey
  8021 | Bailey   | Slain by an orc warrior

Levels and vault maps discovered:
D:1:      dpeg_arrival_tiny_a, layout_basic, hex_intersection
D:2:      layout_basic, lemuel_crystal_altar
D:3:      layout_basic, nicolae_overflow_hidden_temple
D:4:      layout_loops_cross, first_ration, serial_shops, shop,
          nemelex_diamond_rough_becter
D:5:      lemuel_ice_spiral_2, layout_basic, fedhas_ov_isle_minmay,
          serial_shops, shop_statue, uniq_eustachio
D:6:      minmay_goblin_kobold_castle, layout_basic, dancing_weapons_uskayaw,
          portal_sewer_entry_d, uniq_pikel, uniq_menkaure
D:7:      layout_loops_ring, lemuel_round_altar, temple_green, serial_shops,
          nicolae_shop_waterfront, shop_statue, nicolae_shop_stone, shop,
          nicolae_shop_stone
D:8:      layout_basic, kennysheep_little_box, elyvilon_altar_3,
          lemuel_doored_altar, enter_bailey_6, hangedman_pestilent_swarm
Temple:   nicolae_temple_figure_eight
Bailey:   bailey_polearm_1, bailey

Skill      XL: |  1  2  3  4  5  6  7  8  9 10 |
---------------+-------------------------------+-----
Short Blades   | 1 2 3 4 5 |  5.1
Axes           | 1 2 3 4 5 |  5.1
Maces & Flails | 1 2 3 4 5 |  5.1
Polearms       | 1 2 3 4 5 |  5.1
Staves         | 1 2 3 4 5 |  5.1
Slings         | 1 2 3 4 5 |  5.1
Bows           | 1 2 3 4 5 |  5.1
Crossbows      | 1 2 3 4 5 |  5.1
Throwing       | 1 2 3 4 5 |  5.1
Dodging        | 1 2 3 4 5 |  5.1
Stealth        | 1 2 3 4 5 |  5.1
Unarmed Combat | 1 2 3 4 5 |  5.1
Spellcasting   | 1 2 3 4 5 |  5.1
Conjurations   | 1 2 3 4 |  4.2
Hexes          | 1 2 3 4 |  4.2
Charms         | 1 2 3 4 |  4.2
Summonings     | 1 2 3 4 |  4.2
Necromancy     | 1 2 3 4 |  4.2
Translocations | 1 2 3 4 |  4.2
Transmutations | 1 2 3 4 |  4.2
Fire Magic     | 1 2 3 4 |  4.2
Ice Magic      | 1 2 3 4 |  4.2
Air Magic      | 1 2 3 4 |  4.2
Earth Magic    | 1 2 3 4 |  4.2
Poison Magic   | 1 2 3 4 |  4.2
Invocations    | 1 2 3 4 5 |  5.6
Evocations     | 1 2 3 4 5 |  5.1
Long Blades    | 5 6 7 |  7.0
Fighting       | 7 8 |  8.4
Armour         | 7 8 |  8.4
Shields        | 7 8 |  8.4

Action                   |  1- 3 |  4- 6 |  7- 9 | 10-12 || total
-------------------------+-------+-------+-------+-------++-------
Melee: Long sword        |    76 |   125 |       |       ||   201
       Bite              |    11 |    17 |    53 |    13 ||    94
       Falchion          |       |    36 |   431 |   141 ||   608
Evoke: Wand              |       |       |     3 |       ||     3
  Use: Scroll            |       |     4 |     4 |     6 ||    14
       Potion            |       |     6 |     5 |     2 ||    13
 Stab: Sleeping          |       |       |     1 |       ||     1
       Distracted        |       |       |       |     1 ||     1
  Eat: Chunk             |       |     6 |    10 |     1 ||    17
       Ration            |       |       |     1 |     1 ||     2
Armor: Scale mail        |    31 |    66 |   175 |    31 ||   303
       Plate armour      |       |       |       |     3 ||     3
Dodge: Dodged            |    35 |    68 |   236 |    46 ||   385
Block: Shield            |    48 |   107 |   398 |    90 ||   643
       Rpst.: Long sword |    11 |    25 |       |       ||    36
       Falchion          |       |     6 |    69 |    11 ||    86
